 Dungeon Crawl Stone Soup version 0.31-a0-654-gbe3e110b4e (webtiles) character file.

Game seed: 5791483359500849962

23289 cforsyth the Prestidigitator (level 13, -3/89 HPs)
             Began as a Gnoll Artificer on Aug 29, 2023.
             Was a High Priest of Hepliaklqana.
             Killed from afar by a deep elf zephyrmancer (37 damage)
             ... with a bolt of lightning
             ... on level 13 of the Dungeon.
             The game lasted 00:29:24 (14745 turns).

cforsyth the Prestidigitator (Gnoll Artificer)     Turns: 14745, Time: 00:29:24

Health: -3/89      AC: 19    Str: 12    XL:     13   Next: 5%
Magic:  25/25      EV:  6    Int: 21    God:    Hepliaklqana [*****.]
Gold:   1166       SH:  0    Dex: 13    Spells: 28/28 levels left

rFire   . . .        T - +4 mace (freeze)
rCold   . . .        (no shield)
rNeg    . . .        h - +0 plate armour
rPois   .            P - +2 hat
rElec   .            X - +0 cloak
rCorr   .            (no gloves)
SInv    .            L - +0 pair of boots {Fly}
Will    .....        u - amulet of regeneration Stlth
                     o - +6 ring of intelligence
HPRegen 1.14/turn    J - ring of flight
MPRegen 0.19/turn

%: no passive effects
@: flying
A: reduced essence, fangs 1, strong nose, distributed training
a: Renounce Religion, Recall Ancestor, Ancestor Identity, Transference, Idealise


You were on level 13 of the Dungeon.
You worshipped Hepliaklqana.
Hepliaklqana was extremely pleased with you.
You visited 2 branches of the dungeon, and saw 14 of its levels.
You also visited: Ossuary and Bailey.

You collected 1166 gold pieces.

Inventory:

Hand Weapons
 a - a +0 club
 g - a +2 short sword of holy wrath
 n - a +2 short sword of electrocution
 r - a +3 short sword of draining
 H - a +2 whip of freezing
 N - a +2 flail of protection
 T - a +4 mace of freezing (weapon)
Armour
 b - a +0 leather armour
 h - a +0 plate armour (worn)
 t - +0 acid dragon scales
 L - a +0 pair of boots of flying (worn)
 P - a +2 hat (worn)
 X - a +0 cloak (worn)
Jewellery
 e - a ring of fire
 o - a +6 ring of intelligence (left hand)
 u - an amulet of regeneration (around neck)
 A - a ring of see invisible
 F - a ring of willpower
 J - a ring of flight (right hand)
 K - the ring "Alap" {rPois rF- rCorr Str+9 Int-2}
   (You found it in a bailey)

   [ring of resist corrosion]

   Str+9:     It affects your strength (+9).
   Int-2:     It affects your intelligence (-2).
   rF-:       It makes you vulnerable to fire.
   rPois:     It protects you from poison rCorr: It protects you from acid and
   corrosion.
Talismans
 O - a talisman of death
Wands
 d - a wand of charming (7)
 v - a wand of roots (7)
 G - a wand of polymorph (13)
 I - a wand of digging (11)
 R - a wand of flame (19)
Scrolls
 c - 3 scrolls of vulnerability
 f - 3 scrolls of immolation
 k - 2 scrolls of teleportation
 p - 2 scrolls of fear {unknown}
 w - 2 scrolls of blinking
 y - 4 scrolls of enchant armour {unknown}
 E - a scroll of poison
 M - 2 scrolls of torment
 Q - a scroll of revelation {unknown}
 S - a scroll of silence
 U - a scroll of identify
 W - a scroll of acquirement {unknown}
Potions
 i - 3 potions of haste {unknown}
 j - 6 potions of enlightenment
 l - 3 potions of cancellation
 m - 3 potions of resistance {unknown}
 q - 3 potions of heal wounds
 s - 5 potions of mutation
 x - 2 potions of berserk rage {unknown}
 z - 3 potions of ambrosia
 B - a potion of magic {unknown}
 C - 3 potions of invisibility
 D - 2 potions of curing
 V - a potion of brilliance {unknown}


   Skills:
 + Level 8.5 Fighting
 + Level 8.0 Short Blades
 + Level 8.0 Long Blades
 + Level 8.0 Axes
 + Level 8.0 Maces & Flails
 + Level 8.0 Polearms
 + Level 8.0 Staves
 + Level 8.0 Ranged Weapons
 + Level 8.0 Throwing
 + Level 9.3 Armour
 + Level 8.5 Dodging
 + Level 8.4 Stealth
 + Level 8.0 Shields
 + Level 8.0 Unarmed Combat
 + Level 8.0 Spellcasting
 + Level 6.7 Conjurations
 + Level 6.7 Hexes
 + Level 6.7 Summonings
 + Level 6.7 Necromancy
 + Level 6.7 Translocations
 + Level 6.7 Transmutations
 + Level 6.7 Fire Magic
 + Level 6.7 Ice Magic
 + Level 6.7 Air Magic
 + Level 6.7 Earth Magic
 + Level 6.7 Poison Magic
 + Level 8.8 Invocations
 + Level 10.4 Evocations
 + Level 7.3 Shapeshifting


You had 28 spell levels left.
You didn't know any spells.
Your spell library contained the following spells:

 Spells                   Type           Power      Damage    Failure   Level
 Foxfire                  Conj/Fire      100%       2x1d9     41%         1
 Freeze                   Ice            100%       1d10      41%         1
 Blink                    Tloc           72%        N/A       54%         2
 Lesser Beckoning         Tloc           72%        N/A       54%         2
 Frozen Ramparts          Ice            72%        1d11      78%         3
 Gell's Gravitas          Tloc           36%        N/A       78%         3
 Hailstorm                Conj/Ice       36%        3d9       78%         3
 Teleport Other           Tloc           36%        N/A       78%         3
 Manifold Assault         Tloc           36%        N/A       99%         4
 Alistair's Intoxication  Tmut/Pois      24%        N/A       100%        5
 Borgnjor's Vile Clutch   Necr/Erth      18%        N/A       100%        5
 Eringya's Noxious Bog    Tmut/Pois      18%        4d6       100%        6
 Plasma Beam              Fire/Air       18%        2x1d29    100%        6
 Starburst                Conj/Fire      18%        6d7       100%        6


Dungeon Overview and Level Annotations

Branches:
Dungeon (13/15)            Temple (1/1) D:5            Lair (0/5) D:10
    Orc (0/2) D:11        Ossuary (visited)          Bailey (visited)
 Vaults: D:13-14

Altars:
Ashenzari
Cheibriados
Dithmenos
Elyvilon
Fedhas
Gozag
Hepliaklqana
Kikubaaqudgha
Makhleb
Nemelex Xobeh
Okawaru
Qazlal
Ru
Sif Muna
Trog
Uskayaw
Vehumet
Wu Jian
Xom
Yredelemnul
Zin
The Shining One

Shops:
D:1 *?(   D:9 *


Innate Abilities, Weirdness & Mutations

Your life essence is reduced to manifest your ancestor. (-10% HP)
You have very sharp teeth.
Your uncanny sense of smell can sniff out nearby items.
Your experience applies equally to all skills.


Message History

The deep elf zephyrmancer hits you but does no damage.
Tenoch barely misses the deep elf zephyrmancer.
You sock the deep elf zephyrmancer! You freeze the deep elf zephyrmancer.
You bite the deep elf zephyrmancer, but do no damage.
The deep elf zephyrmancer is moderately wounded.
Tenoch gestures at the deep elf zephyrmancer while chanting.
The puff of frost hits the deep elf zephyrmancer!
The deep elf zephyrmancer gestures wildly while chanting.
The deep elf zephyrmancer blinks!
You miss the deep elf zephyrmancer.
Your bite misses the deep elf zephyrmancer.
The deep elf zephyrmancer is heavily wounded.
Tenoch barely misses the deep elf zephyrmancer.
The deep elf zephyrmancer hits you but does no damage.
You hit the deep elf zephyrmancer. You freeze the deep elf zephyrmancer.
The deep elf zephyrmancer is severely wounded.
Tenoch misses the deep elf zephyrmancer.
The deep elf zephyrmancer closely misses you.
You hit the deep elf zephyrmancer. You freeze the deep elf zephyrmancer.
The deep elf zephyrmancer is severely wounded.
The deep elf zephyrmancer hits you with a +0 long sword.
Tenoch hits the deep elf zephyrmancer with a +0 quarterstaff!
You thump the deep elf zephyrmancer! You freeze the deep elf zephyrmancer.
You kill the deep elf zephyrmancer!
There is a stone staircase leading up here.
Tenoch casts a spell at the cyclops.
The puff of frost hits the cyclops!
You fly upwards.
There is a stone staircase leading down here.
You start resting.
HP restored.
You fly downwards.
There is a stone staircase leading up here.
The deep elf zephyrmancer gestures at you while chanting.
The bolt of lightning hits you!!
Tenoch hits the cyclops with a +0 quarterstaff!!
The cyclops throws a large rock.
The large rock hits you!!
The deep elf zephyrmancer casts a spell at you.
The bolt of lightning hits you!!!
You die...

...####..#####...............
.............................
...........................
...####'###e...............
...#......#..RC....########
...#......#........#
...'......#......).#
...########........#
................@..#####
................<........
..........###############
..........# ..........#
###########


You could see the friendly Tenoch the battlemage, a cyclops (ally target) and a
deep elf zephyrmancer.

Vanquished Creatures
  A rakshasa (D:12)
  A hydra (D:12)
  2 two-headed ogres
  Pikel (D:7)
  A wolf spider (D:13)
  3 deep elf zephyrmancers (D:13)
  3 ugly things
  2 cyclopes (D:12)
  2 manticores
  A yaktaur (D:12)
  Maggie (D:6)
  A komodo dragon (D:10)
  A vampire (D:11)
  A shadow (D:10)
  A basilisk (D:11)
  8 yaks
  Grum (D:8)
  A steam dragon (D:7)
  2 vampire mosquitoes (D:10)
  An acid dragon (D:10)
  2 ice beasts
  A sky beast (D:4)
  6 orc warriors
  A black bear (D:7)
  A wolf (D:8)
  An ogre (D:6)
  2 centaurs
  A lemure (D:7)
  A phantom (D:5)
  A kobold brigand (D:7)
  A gnoll sergeant (D:8)
  3 bullfrogs
  3 scorpions (D:5)
  A wight (D:9)
  3 killer bees
  5 howler monkeys
  7 hounds
  3 orc priests
  3 iguanas
  5 orc wizards
  4 mummies
  7 gnolls
  6 adders
  3 adder zombies (Ossuary)
  A worm (D:4)
  4 dart slugs
  28 orcs
  7 endoplasms
  7 giant cockroaches
  13 goblins
  6 hobgoblins
  6 jackals
  A quokka (D:3)
  5 ball pythons
  7 bats
  2 frilled lizards (D:3)
  7 goblin zombies
  5 hobgoblin zombies (Ossuary)
  21 kobolds
  4 kobold zombies
  9 rats
  A rat zombie (Ossuary)
240 creatures vanquished.

Vanquished Creatures (collateral kills)
  Gastronok (D:8)
  A two-headed ogre (D:11)
  A harpy (shapeshifter) (D:12)
  A wizard (D:12)
  4 deep elf zephyrmancers (D:13)
  2 deep elf pyromancers
  A manticore (D:12)
  A gargoyle (D:12)
  An unseen horror (D:11)
  Jeremiah (D:9)
  A komodo dragon (D:10)
  3 trolls
  A shadow (D:13)
  A wraith (D:9)
  2 wyverns (D:10)
  5 yaks
  A basilisk (D:11)
  An acid dragon (D:12)
  Duvessa (D:7)
  A sky beast (D:8)
  2 orc warriors
  2 wolves (D:8)
  7 wights
  Dowan (D:7)
  12 killer bees
  2 orc priests (D:11)
  4 orc wizards
  5 orcs
66 creatures vanquished.

Vanquished Creatures (others)
  An ugly thing (D:12)
  A water moccasin (D:8)
  A hound (D:7)
  An ancestor (D:8)
  12 battlemagi
16 creatures vanquished.

Grand Total: 322 creatures vanquished

Notes
Turn   | Place    | Note
-------+----------+-------------------------------------------
     0 | D:1      | cforsyth the Gnoll Artificer began the quest for the Orb.
     0 | D:1      | Reached XP level 1. HP: 17/17 MP: 1/1
     6 | D:1      | Found Kyudia's Magic Scroll Emporium.
    43 | D:1      | Reached XP level 2. HP: 8/23 MP: 2/2
   173 | D:1      | Found Coubrirch's Weapon Emporium.
   208 | D:1      | Found Miriapodel's General Store.
   493 | D:1      | Reached XP level 3. HP: 27/28 MP: 3/3
   663 | D:1      | Reached skill level 1 in Invocations
   941 | D:2      | Reached skill level 1 in Short Blades
   941 | D:2      | Reached skill level 1 in Long Blades
   941 | D:2      | Reached skill level 1 in Axes
   941 | D:2      | Reached skill level 1 in Maces & Flails
   941 | D:2      | Reached skill level 1 in Polearms
   941 | D:2      | Reached skill level 1 in Staves
   941 | D:2      | Reached skill level 1 in Ranged Weapons
   941 | D:2      | Reached skill level 1 in Throwing
   941 | D:2      | Reached skill level 1 in Shields
   941 | D:2      | Reached skill level 1 in Unarmed Combat
   941 | D:2      | Reached skill level 1 in Spellcasting
  1002 | D:2      | Reached skill level 1 in Shapeshifting
  1002 | D:2      | Reached XP level 4. HP: 28/34 MP: 5/5
  1341 | D:2      | Reached skill level 1 in Conjurations
  1341 | D:2      | Reached skill level 1 in Hexes
  1341 | D:2      | Reached skill level 1 in Summonings
  1341 | D:2      | Reached skill level 1 in Necromancy
  1341 | D:2      | Reached skill level 1 in Translocations
  1341 | D:2      | Reached skill level 1 in Transmutations
  1341 | D:2      | Reached skill level 1 in Fire Magic
  1341 | D:2      | Reached skill level 1 in Ice Magic
  1341 | D:2      | Reached skill level 1 in Air Magic
  1341 | D:2      | Reached skill level 1 in Earth Magic
  1341 | D:2      | Reached skill level 1 in Poison Magic
  1506 | D:2      | Found a faded altar of an unknown god.
  1834 | D:3      | Found an iron altar of Okawaru.
  1847 | D:3      | Reached XP level 5. HP: 40/40 MP: 5/7
  2610 | D:4      | Found an ornate altar of the Wu Jian Council.
  2783 | D:4      | Found a sacrificial altar of Ru.
  3235 | D:4      | Noticed a sky beast
  3262 | D:4      | Killed a sky beast
  3263 | D:4      | Reached skill level 5 in Armour
  3263 | D:4      | Reached XP level 6. HP: 39/47 MP: 7/9
  3315 | D:5      | Entered Level 5 of the Dungeon
  3469 | D:5      | Reached XP level 7. HP: 45/52 MP: 10/10
  3495 | D:5      | Reached skill level 7 in Evocations
  3881 | D:5      | Found a staircase to the Ecumenical Temple.
  4106 | D:6      | Reached XP level 8. HP: 38/60 MP: 12/12
  4225 | D:6      | Noticed Maggie
  4227 | D:6      | Killed Maggie
  4245 | D:6      | Found a sand-covered staircase.
  4251 | Ossuary  | Entered an ossuary
  4622 | D:6      | Found a sparkling altar of Nemelex Xobeh.
  4622 | D:6      | Found an opulent altar of Gozag.
  4648 | D:6      | Found a stormy altar of Qazlal.
  4952 | Temple   | Entered the Ecumenical Temple
  4972 | Temple   | Became a worshipper of Hepliaklqana the Forgotten
  5378 | D:7      | Noticed Pikel
  5410 | D:7      | Killed Pikel
  5411 | D:7      | Reached XP level 9. HP: 31/67 MP: 13/15
  5415 | D:7      | Found a shimmering altar of Xom.
  5532 | D:7      | Found a flagged portal.
  5568 | D:7      | Reached skill level 5 in Fighting
  5568 | D:7      | Reached skill level 5 in Dodging
  5590 | Bailey   | Entered a bailey
  5678 | Bailey   | Reached skill level 5 in Stealth
  5805 | Bailey   | Reached skill level 8 in Evocations
  6129 | Bailey   | Identified the ring "Alap" {rPois rF- rCorr Str+9 Int-2}
  6401 | D:7      | Reached * piety under Hepliaklqana
  6414 | D:7      | Reached skill level 5 in Invocations
  6575 | D:7      | Noticed Dowan
  6587 | D:7      | Killed Dowan
  6590 | D:7      | Noticed Duvessa
  6595 | D:7      | Killed Duvessa
  6702 | D:7      | Reached XP level 10. HP: 39/67 MP: 17/17
  6853 | D:7      | Reached skill level 5 in Short Blades
  6853 | D:7      | Reached skill level 5 in Long Blades
  6853 | D:7      | Reached skill level 5 in Axes
  6853 | D:7      | Reached skill level 5 in Maces & Flails
  6853 | D:7      | Reached skill level 5 in Polearms
  6853 | D:7      | Reached skill level 5 in Staves
  6853 | D:7      | Reached skill level 5 in Ranged Weapons
  6853 | D:7      | Reached skill level 5 in Throwing
  6853 | D:7      | Reached skill level 5 in Shields
  6853 | D:7      | Reached skill level 5 in Unarmed Combat
  6853 | D:7      | Reached skill level 5 in Spellcasting
  7122 | D:8      | Noticed Grum
  7394 | D:8      | HP: 2/68 [wolf[Grum] (8)]
  7546 | D:8      | Killed Grum
  7941 | D:8      | Noticed Gastronok
  8529 | D:8      | Reached ** piety under Hepliaklqana
  8530 | D:8      | Remembered your ancestor Tenoch as a battlemage
  8598 | D:8      | Reached skill level 5 in Shapeshifting
  8835 | D:8      | Killed Gastronok
  9147 | D:9      | Reached XP level 11. HP: 33/72 MP: 19/19
  9296 | D:9      | Found Ogguafyixe's General Store.
  9307 | D:9      | Reached skill level 9 in Evocations
  9309 | D:9      | Reached skill level 5 in Conjurations
  9309 | D:9      | Reached skill level 5 in Hexes
  9309 | D:9      | Reached skill level 5 in Summonings
  9309 | D:9      | Reached skill level 5 in Necromancy
  9309 | D:9      | Reached skill level 5 in Translocations
  9309 | D:9      | Reached skill level 5 in Transmutations
  9309 | D:9      | Reached skill level 5 in Fire Magic
  9309 | D:9      | Reached skill level 5 in Ice Magic
  9309 | D:9      | Reached skill level 5 in Air Magic
  9309 | D:9      | Reached skill level 5 in Earth Magic
  9309 | D:9      | Reached skill level 5 in Poison Magic
  9370 | D:9      | Noticed Jeremiah
  9375 | D:9      | Noticed a two-headed ogre
  9381 | D:9      | Killed Jeremiah
  9387 | D:9      | Killed a two-headed ogre
  9527 | D:9      | Identified the +3 short sword of the Jester {holy, Str+3
                  | Stlth+}
  9867 | D:9      | Found an ancient bone altar of Kikubaaqudgha.
  9870 | D:9      | Found a hide-covered altar of Uskayaw.
  9871 | D:9      | Found a blossoming altar of Fedhas.
  9872 | D:9      | Found a broken altar of Ashenzari.
  9941 | D:10     | Entered Level 10 of the Dungeon
  9995 | D:10     | Reached *** piety under Hepliaklqana
 10130 | D:10     | Noticed a two-headed ogre
 10134 | D:10     | Killed a two-headed ogre
 10285 | D:10     | Found a staircase to the Lair.
 11038 | D:11     | Reached **** piety under Hepliaklqana
 11307 | D:11     | Found a staircase to the Orcish Mines.
 11410 | D:11     | Noticed a two-headed ogre
 11415 | D:11     | Killed a two-headed ogre
 11644 | D:11     | Noticed a manticore
 11838 | D:11     | Killed a manticore
 11989 | D:11     | Reached XP level 12. HP: 81/81 MP: 22/22
 12017 | D:11     | Found a bloodstained altar of Trog.
 12446 | D:12     | Noticed a rakshasa
 12926 | D:12     | Killed a rakshasa
 13328 | D:12     | Noticed an eight-headed hydra
 13333 | D:12     | Killed an eight-headed hydra
 13334 | D:12     | Reached skill level 10 in Evocations
 13705 | D:12     | Identified the +4 whip of Dool {vamp, Will+ Int+5 SInv}
 13811 | D:13     | Reached ***** piety under Hepliaklqana
 14176 | D:13     | HP: 1/84 [deep elf zephyrmancer/+2 long sword of
                  | electrocution (16)]
 14237 | D:13     | Reached XP level 13. HP: 43/89 MP: 23/25
 14745 | D:13     | Killed from afar by a deep elf zephyrmancer

Illustrated notes

Levels and vault maps discovered:
D:1:      tarquinn_simple_flora_water_c, layout_basic, serial_shops, shop, shop,
          shop
D:2:      layout_loops_ring, hellmonk_ecumenical_altar_prayer_group
D:3:      minmay_spotlight, layout_loops_ring, mainiacjoe_overflow_brackets
D:4:      layout_basic, nicolae_ru_awakened_eye,
          pdpol_wu_jian_five_deadly_venoms, minivault_5
D:5:      layout_loops_ring, minmay_temple_entry_from_below_a
D:6:      layout_basic, grunt_temple_overflow_opulence,
          mainiacjoe_overflow_alcove_4, nicolae_ossuary_entry_giza, uniq_maggie
D:7:      layout_loops_cross, mainiacjoe_overflow_boulevard, enter_bailey_2,
          kennysheep_small_spiral, uniq_pikel, uniq_duvessa
D:8:      layout_loops_ring, serial_co_window_serial, co_window_cross_1,
          co_window_corner_a, co_window_paths_a, co_window_paths_b,
          co_window_of_opportunity_a, co_window_corner_a, co_window_corner_a,
          co_window_of_opportunity_a, co_window_of_opportunity_a,
          co_window_corner_b, co_window_corner_b, co_window_2corner,
          co_window_broadway_a, co_window_corner_cb, glass_columns_c,
          glass_columns_a, nrook_loot_triangle, uniq_grum, uniq_gastronok
D:9:      layout_gridville, mainiacjoe_overflow_alcove_3, serial_shops, shop,
          chequers_jeans, uniq_jeremiah
D:10:     layout_grid_maze, david_lair_shrubbed
D:11:     layout_layer_cave, minmay_orc_entry_temple_small, bloody_trog
D:12:     minmay_dotted_concentric_squares, layout_rooms
D:13:     layout_irregular_city, erik_vaults_2, elves_outpost_lemuel
Temple:   hellmonk_temple_of_storms

Skill      XL: |  1  2  3  4  5  6  7  8  9 10 11 12 |
---------------+-------------------------------------+-----
Invocations    | 1 2 3 4 5 6 7 8 |  8.8
Short Blades   | 1 2 4 5 6 8 |  8.0
Long Blades    | 1 2 4 5 6 8 |  8.0
Axes           | 1 2 4 5 6 8 |  8.0
Maces & Flails | 1 2 4 5 6 8 |  8.0
Polearms       | 1 2 4 5 6 8 |  8.0
Staves         | 1 2 4 5 6 8 |  8.0
Ranged Weapons | 1 2 4 5 6 8 |  8.0
Throwing       | 1 2 4 5 6 8 |  8.0
Shields        | 1 2 4 5 6 8 |  8.0
Unarmed Combat | 1 2 4 5 6 8 |  8.0
Spellcasting   | 1 2 4 5 6 8 |  8.0
Shapeshifting  | 1 2 3 4 5 6 7 |  7.3
Conjurations   | 1 2 3 4 5 6 |  6.7
Hexes          | 1 2 3 4 5 6 |  6.7
Summonings     | 1 2 3 4 5 6 |  6.7
Necromancy     | 1 2 3 4 5 6 |  6.7
Translocations | 1 2 3 4 5 6 |  6.7
Transmutations | 1 2 3 4 5 6 |  6.7
Fire Magic     | 1 2 3 4 5 6 |  6.7
Ice Magic      | 1 2 3 4 5 6 |  6.7
Air Magic      | 1 2 3 4 5 6 |  6.7
Earth Magic    | 1 2 3 4 5 6 |  6.7
Poison Magic   | 1 2 3 4 5 6 |  6.7
Fighting       | 3 4 5 6 7 8 |  8.5
Dodging        | 3 4 5 6 7 8 |  8.5
Armour         | 5 6 7 8 9 |  9.3
Stealth        | 3 4 5 6 7 8 |  8.4
Evocations     | 7 8 9 10 | 10.4

Action                     |  1- 3 |  4- 6 |  7- 9 | 10-12 | 13-15 || total
---------------------------+-------+-------+-------+-------+-------++-------
  Melee: Club              |   116 |       |       |       |       ||   116
         Bite              |    13 |    13 |    57 |    52 |     2 ||   137
         Short sword       |    34 |   228 |   290 |       |       ||   552
         Punch             |       |     3 |    15 |    33 |       ||    51
         Unarmed           |       |       |   188 |       |       ||   188
         Flail             |       |       |    47 |   252 |       ||   299
         Mace              |       |       |       |   164 |     9 ||   173
 Invoke: Recall Ancestor   |       |       |     1 |     4 |     1 ||     6
         Ancestor Life: Ba |       |       |       |     1 |       ||     1
  Evoke: Wand              |       |       |    29 |    29 |       ||    58
    Use: Scroll            |       |       |    16 |     2 |       ||    18
         Potion            |       |       |       |     3 |       ||     3
   Stab: Sleeping          |     2 |       |       |       |       ||     2
         Betrayed ally     |       |       |     1 |       |       ||     1
         Distracted        |       |       |       |    10 |       ||    10
 Armour: Leather armour    |    62 |       |       |       |       ||    62
         Plate armour      |    16 |   187 |   409 |   427 |     5 ||  1044
  Dodge: Dodged            |   135 |    43 |    93 |   137 |     3 ||   411

Table legend: (Time is in decaauts)
 A = Elapsed time spent in this place.
 B = Non-inter-level travel time spent in this place.
 C = Inter-level travel time spent in this place.
 D = Time resting spent in this place.
 E = Time spent auto-exploring this place.
 F = Levels seen in this place.
 G = Mean time per level.
                   A        B        C        D        E       F      G
               +--------+--------+--------+--------+--------+-----+--------+
         Total |  14814 |  14034 |    780 |   2055 |   8624 |  16 |  925.9 |
       Dungeon |  13697 |  12937 |    760 |   1560 |   8420 |  13 | 1053.6 |
        Temple |     40 |     20 |     20 |      0 |      0 |   1 |   40.0 |
       Ossuary |    327 |    327 |      0 |    145 |     70 |   1 |  327.0 |
        Bailey |    749 |    749 |      0 |    350 |    134 |   1 |  749.0 |
               +--------+--------+--------+--------+--------+-----+--------+

Top non-repeatable levels by time:
    D:11: 1833 daAuts
     D:8: 1416 daAuts
    D:12: 1350 daAuts
     D:7: 1250 daAuts
    D:10: 1234 daAuts
     D:5: 992 daAuts
     D:2: 949 daAuts
     D:3: 934 daAuts
     D:9: 921 daAuts
     D:4: 861 daAuts
     D:1: 855 daAuts
  Bailey: 749 daAuts
     D:6: 687 daAuts
    D:13: 409 daAuts
 Ossuary: 327 daAuts
